Map: 세룰리안 폴 - 래더

Players

Creator - Winner!

  • Race: Protoss Protoss
  • League: Master
  • Spawn Location: 1:00

goblin

  • Race: Protoss Protoss
  • Spawn Location: 7:00

Event: HomeStory Cup XVIII

VOD

Have the link to the VOD?

Description

Time

  • Played on: Nov. 22, 2018, 11:24 a.m.
  • Length: 11:49

All games in this series

Show
View Real Time Build Order
Export as new Build Order

Creator Protoss - Winner!

Build Orders: Phoenix Opening, Proxy Void Ray 

Get SALT Encoding   

  12  0:00  Probe  
  13  0:12  Probe  
  14  0:17  Pylon  
  14  0:24  Probe  
  15  0:32  Probe  
  15  0:37  Gateway  
  15  0:40  Probe  
  16  0:45  Assimilator  
  17  0:51  Probe  
  17  0:54  Assimilator  
  18  0:59  Probe  
  19  1:07  Gateway, Probe  
  20  1:17  Probe  
  20  1:24  Cybernetics Core  
  21  1:29  Probe  
  22  1:35  Pylon  
  22  1:41  Probe  
  23  1:53  Probe  
  24  2:00  Stalker  
  24  2:01  Sentry, Warp Gate  
  28  2:12  Pylon  
  28  2:21  Probe  
  29  2:32  Stargate  
  29  2:34  Phoenix  
  29  2:43  Probe  
  28  2:50  Nexus  
  29  2:51  Probe  
  30  3:01  Stalker, Probe  
  33  3:13  Probe  
  33  3:18  Void Ray  
  36  3:26  Shield Battery  
  36  3:32  Shield Battery  
  38  3:52  Void Ray  
  42  4:03  Stalker x2  
  46  4:22  Shield Battery  
  46  4:25  Void Ray  
  46  4:27  Stalker x2  
  54  4:48  Pylon  
  54  5:01  Pylon  
  54  5:08  Stalker x2  
  48  5:17  Void Ray  
  40  5:30  Stalker  
  40  5:32  Zealot  
  37  5:49  Probe x2  
  37  5:56  Stalker x2  
  41  6:03  Probe  
  41  6:04  Probe  
  41  6:18  Phoenix  
  41  6:20  Stalker x2  
  41  6:21  Probe x2  
  48  6:36  Probe x2  
  52  6:48  Zealot  
  52  6:50  Probe  
  52  6:54  Robotics Facility  
  53  7:00  Stalker  
  55  7:02  Probe  
  56  7:10  Stalker  
  56  7:15  Shield Battery  
  56  7:28  Stalker  
  58  7:32  Immortal  
  58  7:35  Pylon  
  57  7:43  Zealot  
  61  7:55  Pylon  
  61  7:56  Stalker  
  63  7:58  Probe  
  63  8:02  Probe  
  63  8:04  Observer  
  65  8:10  Probe  
  65  8:12  Stalker  
  68  8:14  Probe  
  70  8:20  Stalker  
  72  8:35  Shield Battery  
  72  8:36  Adept  
  74  8:41  Warp Prism  
  74  8:44  Twilight Council  
  74  8:47  Stalker  
  76  8:53  Pylon  
  78  9:03  Pylon  
  78  9:04  Resonating Glaives  
  78  9:07  Pylon  
  78  9:08  Shield Battery  
  78  9:13  Adept x2  
  82  9:18  Gateway  
  82  9:28  Probe  
  82  9:33  Pylon  
  82  9:35  Pylon  
  78  9:44  Probe x2  
  76  9:58  Gateway, Probe  
  76  9:59  Probe  
  78  10:00  Gateway  
  78  10:10  Sentry  
  78  10:13  Assimilator  
  80  10:16  Adept  
  82  10:33  Adept  
  84  10:37  Observer  
  84  10:38  Adept  
  84  10:41  Assimilator  
  84  10:42  Pylon  
  87  10:45  Adept  
  89  11:02  Adept x4  
  89  11:03  Probe x2  
  95  11:13  Adept  
  97  11:27  Adept x4  
  97  11:43  Stalker  
Show
View Real Time Build Order
Export as new Build Order

goblin Protoss 

Build Orders:  

Get SALT Encoding   

  12  0:00  Probe  
  13  0:13  Probe  
  14  0:17  Pylon  
  14  0:24  Probe  
  15  0:32  Probe  
  15  0:39  Gateway  
  15  0:40  Probe  
  16  0:48  Assimilator  
  17  0:51  Probe  
  17  0:56  Assimilator  
  18  1:00  Probe  
  19  1:09  Probe  
  19  1:14  Gateway  
  19  1:18  Probe  
  21  1:26  Cybernetics Core  
  21  1:30  Probe  
  22  1:36  Pylon  
  22  1:42  Probe  
  23  1:53  Warp Gate  
  23  1:54  Probe  
  24  2:03  Sentry, Stalker  
  28  2:12  Pylon  
  27  2:32  Stalker  
  27  2:33  Stalker  
  31  2:43  Robotics Facility  
  31  2:49  Gateway  
  31  3:15  Stalker x2  
  35  3:21  Warp Prism  
  37  3:39  Pylon  
  37  3:57  Observer, Stalker x3  
  44  4:05  Pylon  
  44  4:08  Pylon  
  44  4:32  Stalker  
  44  4:33  Stalker x2  
  50  4:39  Pylon  
  50  4:57  Stalker x3  
  46  5:23  Stalker x3  
  36  5:48  Stalker x3  
  40  6:16  Observer  
  40  6:21  Stalker x3  
  46  6:44  Stalker x2  
  46  6:45  Stalker  
  52  6:53  Twilight Council  
  52  7:07  Stalker  
  52  7:08  Stalker  
  56  7:09  Zealot  
  54  7:30  Observer, Stalker  
  54  7:31  Zealot  
  54  7:32  Zealot  
  56  7:45  Dark Shrine  
  56  7:59  Nexus  
  56  8:20  Adept x2  
  56  8:22  Adept  
  62  8:31  Probe  
  61  8:39  Probe  
  62  8:59  Pylon  
  62  9:01  Dark Templar x2  
  63  9:06  Resonating Glaives  
  63  9:09  Probe x2  
  65  9:17  Probe  
  65  9:24  Probe  
  64  9:27  Probe  
  62  9:51  Probe x2  
  62  9:52  Adept x2  
  62  9:53  Adept  
  66  10:14  Adept x3  
  66  10:18  Gateway  
  72  10:35  Adept x3  
  78  10:37  Observer  
  78  10:39  Pylon  
  78  10:40  Pylon  
  77  11:03  Adept x3  
  83  11:07  Pylon  
  83  11:12  Adept  
  84  11:24  Adept x3  
Tags
 
Add a new tag
Caveats
  • Supply blocks, unpowered buildings, or Contaminate may cause inaccurate times.
  • Supply counts are checked every 10 seconds.